Calgary Flames vs Chicago Blackhawks

Created - dimanche 2 décembre 2018 at 19:00

Goals
1 2 3 T
Calgary Flames 1 1 1 3
Chicago Blackhawks 0 0 1 1
Shots
1 2 3 T
Calgary Flames 11 6 6 23
Chicago Blackhawks 11 10 2 23

1st period

1. Calgary Flames , Micheal Ferland 5 (Adam Pelech 2, Radek Faksa 9) at 18:06

Penalties :
Richard Panik (CHI) for Diving (Minor) at 12:27

2nd period

2. Calgary Flames , Micheal Ferland 6 (Danton Heinen 4) at 15:35

Penalties :
No Penalty

3rd period

3. Calgary Flames , Johnny Gaudreau 10 (Sean Monahan 13, Reilly Smith 12) at 0:14
4. Chicago Blackhawks , Brent Seabrook 1 (Patrick Kane 12, Anthony Mantha 8) at 5:32

Penalties :
No Penalty

Goalie Stats

Mike Smith (CGY), 22 saves from 23 shots - (0.957), W, 18-5-2, 60:00 minutes
Corey Crawford (CHI), 20 saves from 23 shots - (0.870), L, 10-7-5, 60:00 minutes

Players Stats for Calgary Flames

Player Name              G  A  P  +/- PIM S  H  SB GA TA FO     MP     PP MP  PK MP  
------------------------------------------------------------------------------------
Adam Pelech              0  1  1   1  0   0  4  2  0  0  0/0    20:04   0:34   0:00 
Alex Chiasson            0  0  0  -1  0   1  2  0  1  0  0/0    14:52   0:13   0:00 
Colin Miller             0  0  0   2  0   1  1  0  0  0  0/0    18:28   1:04   0:00 
Danton Heinen            0  1  1   2  0   0  3  0  0  0  0/1    14:43   0:48   0:00 
Erik Haula               0  0  0   0  0   2  1  0  2  0  6/10   15:05   0:58   0:00 
Jake Gardiner            0  0  0   1  0   0  0  2  0  0  0/0    20:31   1:04   0:00 
Johnny Gaudreau          1  0  1   1  0   3  3  1  1  0  0/0    17:07   1:01   0:00 
Josh Anderson            0  0  0  -1  0   2  3  0  0  0  0/1    14:08   0:10   0:00 
Mark Giordano            0  0  0  -1  0   1  2  0  0  0  0/0    20:57   0:39   0:00 
Michael Frolik           0  0  0   0  0   1  4  0  0  0  0/1    13:43   0:00   0:00 
Michael Stone            0  0  0   2  0   2  1  0  0  0  0/0    17:57   0:00   0:00 
Micheal Ferland          2  0  2   2  0   5  5  0  2  0  1/1    15:39   0:48   0:00 
Paul Byron               0  0  0   0  0   2  4  0  0  0  0/0    13:56   0:00   0:00 
Radek Faksa              0  1  1   2  0   0  3  0  1  0  3/5    14:45   0:00   0:00 
Reilly Smith             0  1  1   1  0   1  1  0  0  0  0/0    17:00   0:58   0:00 
Sam Bennett              0  0  0  -1  0   1  4  0  0  0  3/9    13:18   0:00   0:00 
Sean Monahan             0  1  1   1  0   1  1  0  0  0  6/14   17:03   1:01   0:00 
TJ Brodie                0  0  0  -1  0   0  1  0  0  0  0/0    20:44   0:37   0:00 

Players Stats for Chicago Blackhawks

Player Name              G  A  P  +/- PIM S  H  SB GA TA FO     MP     PP MP  PK MP  
------------------------------------------------------------------------------------
Alex DeBrincat           0  0  0   0  0   4  1  1  0  0  0/0    14:30   0:00   0:00 
Andrew Ladd              0  0  0   0  0   2  1  1  0  0  0/0    15:39   0:00   1:09 
Anthony Mantha           0  1  1  -1  0   2  4  0  0  1  0/0    16:54   0:00   0:34 
Artem Anisimov           0  0  0  -1  0   0  1  1  0  0  7/12   16:49   0:00   0:35 
Brent Seabrook           1  0  1   0  0   3  0  1  0  0  0/0    19:49   0:00   0:57 
Connor Murphy            0  0  0   0  0   0  2  1  0  0  0/0    18:26   0:00   0:00 
David Kampf              0  0  0   0  0   1  3  1  0  1  0/0    14:05   0:00   0:00 
Denis Malgin             0  0  0   0  0   1  1  0  0  0  7/11   14:36   0:00   0:00 
Duncan Keith             0  0  0  -2  0   0  1  3  0  4  0/0    22:06   0:00   1:02 
Jan Rutta                0  0  0   0  0   2  1  0  0  0  0/0    15:42   0:00   0:00 
Nick Schmaltz            0  0  0  -1  0   0  0  1  0  0  1/1    15:42   0:00   0:46 
Patrick Kane             0  1  1  -1  0   1  0  0  0  0  0/1    16:21   0:00   0:00 
Richard Panik            0  0  0   0  2   2  0  1  0  0  0/0    14:38   0:00   0:00 
Ryan Hartman             0  0  0  -1  0   1  4  0  0  0  0/0    14:33   0:00   0:00 
Scott Mayfield           0  0  0   0  0   2  3  3  0  0  0/0    16:55   0:00   1:02 
Seth Jones               0  0  0  -2  0   1  1  1  0  1  0/0    22:26   0:00   0:57 
Tanner Kero              0  0  0   0  0   1  0  0  0  0  4/9    14:54   0:00   0:54 
Victor Ejdsell           0  0  0  -1  0   0  1  0  0  0  4/8    13:55   0:00   0:00 

3 Stars

1 - Micheal Ferland (CGY)
2 - Johnny Gaudreau (CGY)
3 - Danton Heinen (CGY)

Power Play

Calgary Flames - 0 on 1 Attempt(s) - 0.00%
Chicago Blackhawks - 0 on 0 Attempt(s) - 0.00%

Penalty Kill

Calgary Flames - 0 on 0 Attempt(s) - 0.00% - Score 0 goal in Penalty Kill
Chicago Blackhawks - 1 on 1 Attempt(s) - 100.00% - Score 0 goal in Penalty Kill

Team Stat

Calgary Flames - Hits : 43 - Faceoff Wins : 19 - Blocked Shots : 5 - Penalty Minutes : 0
Chicago Blackhawks - Hits : 24 - Faceoff Wins : 23 - Blocked Shots : 15 - Penalty Minutes : 2

Official

Referees : Graham Skilliter and Ghislain Hebert
Linesman : Devin Berg and Michel Cormier

Game Notes

5:32 of 3rd period - Chicago Blackhawks goal is going for a video replay. After video review, Goal.

Finance

Level 1 -- Attendance: 9884 (88.25%) -- Ticket Income fr. 790'720
Level 2 -- Attendance: 1561 (67.87%) -- Ticket Income fr. 101'465
Level 3 -- Attendance: 2696 (69.13%) -- Ticket Income fr. 94'360
Level 4 -- Attendance: 1398 (90.19%) -- Ticket Income fr. 27'960
Luxury Box -- Attendance: 50 (100.00%) -- Ticket Income fr. 10'000
Game was played at the United Center.
Total Attendance: 15589 (82.05%)
Total Ticket Income: fr. 1'024'505
Total Income: fr. 1'024'505

Calgary Flames

5 vs 5 Forward 
   Center                   Left Wing                Right Wing               Time % Phy DF OF 
 1 Sean Monahan             Johnny Gaudreau          Reilly Smith             28     0   2  3  
 2 Erik Haula               Paul Byron               Michael Frolik           24     0   3  2  
 3 Radek Faksa              Micheal Ferland          Danton Heinen            24     0   3  2  
 4 Sam Bennett              Alex Chiasson            Josh Anderson            24     0   3  2  

5 vs 5 Defense 
   Defense                  Defense                                           Time % Phy DF OF 
 1 Mark Giordano            TJ Brodie                                         35     0   3  2  
 2 Jake Gardiner            Adam Pelech                                       33     0   3  2  
 3 Colin Miller             Michael Stone                                     32     0   3  2  
 4 Mark Giordano            TJ Brodie                                         0      0   3  2  

PowerPlay Forward 
   Center                   Left Wing                Right Wing               Time % Phy DF OF 
 1 Sean Monahan             Johnny Gaudreau          Reilly Smith             50     0   0  5  
 2 Erik Haula               Danton Heinen            Micheal Ferland          50     0   0  5  

PowerPlay Defense
   Defense                  Defense                                           Time % Phy DF OF 
 1 Mark Giordano            TJ Brodie                                         48     0   1  4  
 2 Jake Gardiner            Colin Miller                                      52     0   1  4  

Penalty Kill 4 Players Forward 
   Center                   Wing                     Time % Phy DF OF 
 1 Radek Faksa              Michael Frolik           50     1   2  2  
 2 Paul Byron               Alex Chiasson            50     1   2  2  

Penalty Kill 4 Players Defense
   Defense                  Defense                  Time % Phy DF OF 
 1 Mark Giordano            TJ Brodie                48     1   3  1  
 2 Adam Pelech              Michael Stone            52     1   3  1  

Penalty Kill - 3 Players Forward 
   Forward                                           Time % Phy DF OF 
 1 Radek Faksa                                       50     1   2  2  
 2 Michael Frolik                                    50     1   2  2  

Penalty Kill - 3 Players Defense
   Defense                  Defense                  Time % Phy DF OF 
 1 Mark Giordano            TJ Brodie                48     1   3  1  
 2 Adam Pelech              Michael Stone            52     1   3  1  

4 vs 4 Forward 
   Center                   Wing                     Time % Phy DF OF 
 1 Sean Monahan             Johnny Gaudreau          48     0   2  3  
 2 Erik Haula               Reilly Smith             52     0   2  3  

4 vs 4 Defense
   Defense                  Defense                  Time % Phy DF OF 
 1 Mark Giordano            TJ Brodie                48     0   3  2  
 2 Jake Gardiner            Adam Pelech              52     0   3  2  

Last Minutes Offensive
   Center                   Left Wing                Right Wing               Defense                  Defense                  
   Sean Monahan             Johnny Gaudreau          Reilly Smith             Mark Giordano            Jake Gardiner            

Last Minutes Defensive
   Center                   Left Wing                Right Wing               Defense                  Defense                  
   Radek Faksa              Paul Byron               Michael Frolik           Mark Giordano            TJ Brodie                

Goaltenders
Starting : Mike Smith               
Backup : Chad Johnson             

Extra Forwards
Normal : Sean Monahan, Erik Haula, Micheal Ferland - PP : Sean Monahan, Erik Haula - PK : Radek Faksa
Extra Defensemen
Normal : Mark Giordano, Jake Gardiner, Colin Miller - PP : Jake Gardiner - PK : Mark Giordano, Adam Pelech
Penalty Shots
Johnny Gaudreau, Sean Monahan, Reilly Smith, Erik Haula, Radek Faksa
Custom OT Lines Forwards
Sean Monahan, Johnny Gaudreau, Erik Haula, Reilly Smith, Radek Faksa, Paul Byron, Michael Frolik, Danton Heinen, Micheal Ferland, Sam Bennett
Custom OT Lines Defensemen
Mark Giordano, TJ Brodie, Jake Gardiner, Adam Pelech, Colin Miller

Scratches
Daniel Carr (Healthy), Carter Rowney (Healthy), David Rittich (Healthy)

Chicago Blackhawks

5 vs 5 Forward 
   Center                   Left Wing                Right Wing               Time % Phy DF OF 
 1 Artem Anisimov           Anthony Mantha           Patrick Kane             26     0   0  5  
 2 Denis Malgin             Alex DeBrincat           Richard Panik            25     0   0  5  
 3 Victor Ejdsell           Nick Schmaltz            Ryan Hartman             25     0   2  3  
 4 Tanner Kero              Andrew Ladd              David Kampf              24     0   3  2  

5 vs 5 Defense 
   Defense                  Defense                                           Time % Phy DF OF 
 1 Seth Jones               Duncan Keith                                      32     0   3  2  
 2 Brent Seabrook           Connor Murphy                                     31     0   4  1  
 3 Jan Rutta                Scott Mayfield                                    27     0   4  1  
 4 Duncan Keith             Seth Jones                                        10     0   4  1  

PowerPlay Forward 
   Center                   Left Wing                Right Wing               Time % Phy DF OF 
 1 Nick Schmaltz            Anthony Mantha           Patrick Kane             50     0   0  5  
 2 David Kampf              Alex DeBrincat           Richard Panik            50     0   1  4  

PowerPlay Defense
   Defense                  Defense                                           Time % Phy DF OF 
 1 Brent Seabrook           Duncan Keith                                      60     0   0  5  
 2 Seth Jones               Jan Rutta                                         40     0   1  4  

Penalty Kill 4 Players Forward 
   Center                   Wing                     Time % Phy DF OF 
 1 Tanner Kero              Andrew Ladd              60     0   5  0  
 2 Artem Anisimov           Nick Schmaltz            40     0   5  0  

Penalty Kill 4 Players Defense
   Defense                  Defense                  Time % Phy DF OF 
 1 Duncan Keith             Scott Mayfield           60     0   5  0  
 2 Brent Seabrook           Seth Jones               40     0   5  0  

Penalty Kill - 3 Players Forward 
   Forward                                           Time % Phy DF OF 
 1 Tanner Kero                                       60     0   5  0  
 2 David Kampf                                       40     0   5  0  

Penalty Kill - 3 Players Defense
   Defense                  Defense                  Time % Phy DF OF 
 1 Duncan Keith             Scott Mayfield           60     0   5  0  
 2 Jan Rutta                Brent Seabrook           40     0   5  0  

4 vs 4 Forward 
   Center                   Wing                     Time % Phy DF OF 
 1 Artem Anisimov           Richard Panik            50     0   2  3  
 2 Victor Ejdsell           Nick Schmaltz            50     0   2  3  

4 vs 4 Defense
   Defense                  Defense                  Time % Phy DF OF 
 1 Brent Seabrook           Duncan Keith             50     0   3  2  
 2 Jan Rutta                Seth Jones               50     0   3  2  

Last Minutes Offensive
   Center                   Left Wing                Right Wing               Defense                  Defense                  
   Anthony Mantha           Nick Schmaltz            Patrick Kane             Seth Jones               Duncan Keith             

Last Minutes Defensive
   Center                   Left Wing                Right Wing               Defense                  Defense                  
   Anthony Mantha           Nick Schmaltz            Patrick Kane             Seth Jones               Duncan Keith             

Goaltenders
Starting : Corey Crawford           
Backup : Antti Raanta             

Extra Forwards
Normal : Patrick Kane, Artem Anisimov, Nick Schmaltz - PP : Nick Schmaltz, Patrick Kane - PK : Nick Schmaltz
Extra Defensemen
Normal : Brent Seabrook, Seth Jones, Duncan Keith - PP : Brent Seabrook - PK : Brent Seabrook, Seth Jones
Penalty Shots
Anthony Mantha, Nick Schmaltz, Richard Panik, Patrick Kane, Alex DeBrincat
Custom OT Lines Forwards
David Kampf, Patrick Kane, Nick Schmaltz, Artem Anisimov, Richard Panik, Ryan Hartman, Alex DeBrincat, Anthony Mantha, Andrew Ladd, Denis Malgin
Custom OT Lines Defensemen
Brent Seabrook, Seth Jones, Duncan Keith, Jan Rutta, Scott Mayfield

Scratches
Jonathan Toews (Sprained Right Finger Injury), Marcus Kruger (Torso Injury), Michal Kempny (Healthy)

% Time on Ice - Calgary Flames

Lines # - Real PCT - Wanted PCT - Time Play
Normal Forward
1 - 29% - 28% - 16:35
2 - 25% - 24% - 14:34
3 - 24% - 24% - 13:55
4 - 22% - 24% - 12:57
Normal Defense
1 - 35% - 35% - 20:26
2 - 35% - 33% - 20:16
3 - 30% - 32% - 17:19
4 - 0% - 0% - 0:00
PP Forward
1 - 51% - 50% - 1:01
2 - 49% - 50% - 0:58
PP Defense
1 - 46% - 48% - 0:55
2 - 54% - 52% - 1:04
PK Forward
1 - 0% - 50%
2 - 0% - 50%
PK Defense
1 - 0% - 48%
2 - 0% - 52%
PK3 Forward
1 - 0% - 50%
2 - 0% - 50%
PK3 Defense
1 - 0% - 48%
2 - 0% - 52%
44 Forward
1 - 0% - 48%
2 - 0% - 52%
44 Defense
1 - 0% - 48%
2 - 0% - 52%
Last Minute Offensive  - 0:00
Last Minute Defensive  - 0:00
Total
Forward - 60:00
Defense - 60:00

% Time on Ice - Chicago Blackhawks

Lines # - Real PCT - Wanted PCT - Time Play
Normal Forward
1 - 26% - 26% - 15:15
2 - 28% - 25% - 16:27
3 - 23% - 25% - 13:33
4 - 22% - 24% - 12:46
Normal Defense
1 - 31% - 32% - 17:55
2 - 31% - 31% - 18:13
3 - 29% - 27% - 17:00
4 - 8% - 10% - 4:53
PP Forward
1 - 0% - 50%
2 - 0% - 50%
PP Defense
1 - 0% - 60%
2 - 0% - 40%
PK Forward
1 - 92% - 60% - 1:49
2 - 8% - 40% - 0:10
PK Defense
1 - 52% - 60% - 1:02
2 - 48% - 40% - 0:57
PK3 Forward
1 - 0% - 60%
2 - 0% - 40%
PK3 Defense
1 - 0% - 60%
2 - 0% - 40%
44 Forward
1 - 0% - 50%
2 - 0% - 50%
44 Defense
1 - 0% - 50%
2 - 0% - 50%
Last Minute Offensive  - 0:00
Last Minute Defensive  - 0:00
Total
Forward - 60:00
Defense - 60:00

Play-by-Play

1st period


0:01 of 1st period - Artem Anisimov wins face-off versus Sean Monahan in neutral zone.
0:06 of 1st period - Snap shot by Anthony Mantha.
0:06 of 1st period - Stopped by Mike Smith with a rebound.
0:11 of 1st period - Off-side.
0:12 of 1st period - Denis Malgin wins face-off versus Erik Haula in neutral zone.
0:19 of 1st period - Snap shot by Denis Malgin.
0:19 of 1st period - Shot Blocked by Jake Gardiner.
1:01 of 1st period - Josh Anderson is hit by Andrew Ladd and loses puck.
2:04 of 1st period - Wrist shot by Micheal Ferland.
2:04 of 1st period - Shot Blocked by Scott Mayfield.
2:06 of 1st period - Slapshot by Michael Stone.
2:06 of 1st period - Shot Blocked by Scott Mayfield.
2:12 of 1st period - Snap shot by Radek Faksa.
2:12 of 1st period - Shot Misses the Net.
2:43 of 1st period - Off-side.
2:44 of 1st period - Artem Anisimov wins face-off versus Sean Monahan in neutral zone.
3:03 of 1st period - Snap shot by Sean Monahan.
3:03 of 1st period - Deflect By Johnny Gaudreau.
3:03 of 1st period - Stopped by Corey Crawford without a rebound.
3:04 of 1st period - Denis Malgin wins face-off versus Erik Haula in Chicago Blackhawks zone.
3:29 of 1st period - Mark Giordano is hit by Victor Ejdsell and loses puck.
4:14 of 1st period - Icing by TJ Brodie.
4:15 of 1st period - Radek Faksa wins face-off versus Artem Anisimov in Calgary Flames zone.
4:20 of 1st period - Anthony Mantha is hit by Danton Heinen and loses puck.
4:29 of 1st period - Wrist shot by Micheal Ferland.
4:29 of 1st period - Stopped by Corey Crawford without a rebound.
4:30 of 1st period - Sean Monahan wins face-off versus Denis Malgin in Chicago Blackhawks zone.
5:05 of 1st period - Snap shot by Erik Haula.
5:05 of 1st period - Stopped by Corey Crawford without a rebound.
5:06 of 1st period - Victor Ejdsell wins face-off versus Sam Bennett in Chicago Blackhawks zone.
5:31 of 1st period - Reilly Smith is hit by Seth Jones and loses puck.
5:40 of 1st period - Backhand shot by Alex DeBrincat.
5:40 of 1st period - Stopped by Mike Smith with a rebound.
5:42 of 1st period - Snap shot by Brent Seabrook.
5:42 of 1st period - Stopped by Mike Smith without a rebound.
5:43 of 1st period - Erik Haula wins face-off versus Artem Anisimov in Calgary Flames zone.
5:43 of 1st period - Erik Haula is hit by Anthony Mantha.
5:55 of 1st period - Wrist shot by Paul Byron.
5:55 of 1st period - Shot Blocked by Brent Seabrook.
6:11 of 1st period - Snap shot by Andrew Ladd.
6:11 of 1st period - Shot Blocked by Adam Pelech.
6:13 of 1st period - Wrist shot by Tanner Kero.
6:13 of 1st period - Shot Blocked by Jake Gardiner.
6:15 of 1st period - Snap shot by Connor Murphy.
6:15 of 1st period - Deflect By Andrew Ladd.
6:15 of 1st period - Stopped by Mike Smith with a rebound.
6:29 of 1st period - Wrist shot by Micheal Ferland.
6:29 of 1st period - Stopped by Corey Crawford without a rebound.
6:30 of 1st period - Radek Faksa wins face-off versus Denis Malgin in Chicago Blackhawks zone.
6:37 of 1st period - TJ Brodie is hit by Duncan Keith and loses puck.
6:54 of 1st period - Duncan Keith is hit by Paul Byron and loses puck.
7:03 of 1st period - Slapshot by Erik Haula.
7:03 of 1st period - Shot Blocked by Richard Panik.
7:05 of 1st period - Slapshot by Colin Miller.
7:05 of 1st period - Deflect By Erik Haula.
7:05 of 1st period - Shot Blocked by Seth Jones.
7:05 of 1st period - Puck is out of play.
7:06 of 1st period - Victor Ejdsell wins face-off versus Sean Monahan in Chicago Blackhawks zone.
7:11 of 1st period - Slapshot by Jan Rutta.
7:11 of 1st period - Shot Misses the Net.
7:13 of 1st period - Slapshot by Scott Mayfield.
7:13 of 1st period - Stopped by Mike Smith with a rebound.
7:15 of 1st period - Slapshot by Scott Mayfield.
7:15 of 1st period - Stopped by Mike Smith without a rebound.
7:16 of 1st period - Victor Ejdsell wins face-off versus Sean Monahan in Calgary Flames zone.
7:29 of 1st period - Jan Rutta is hit by Sean Monahan and loses puck.
7:56 of 1st period - Snap shot by Ryan Hartman.
7:56 of 1st period - Stopped by Mike Smith with a rebound.
8:02 of 1st period - Wrist shot by Ryan Hartman.
8:02 of 1st period - Shot Misses the Net.
8:04 of 1st period - Snap shot by Scott Mayfield.
8:04 of 1st period - Shot Misses the Net.
8:06 of 1st period - Slapshot by Nick Schmaltz.
8:06 of 1st period - Shot Blocked by Johnny Gaudreau.
8:08 of 1st period - Backhand shot by Jan Rutta.
8:08 of 1st period - Stopped by Mike Smith without a rebound.
8:09 of 1st period - Artem Anisimov wins face-off versus Sam Bennett in Calgary Flames zone.
8:34 of 1st period - Duncan Keith is hit by Radek Faksa and loses puck.
8:58 of 1st period - Radek Faksa is hit by David Kampf and loses puck.
9:31 of 1st period - Snap shot by Micheal Ferland.
9:31 of 1st period - Stopped by Corey Crawford without a rebound.
9:32 of 1st period - Artem Anisimov wins face-off versus Erik Haula in Chicago Blackhawks zone.
9:39 of 1st period - Slapshot by Seth Jones.
9:39 of 1st period - Stopped by Mike Smith with a rebound.
9:45 of 1st period - Wrist shot by Paul Byron.
9:45 of 1st period - Stopped by Corey Crawford with a rebound.
9:47 of 1st period - Snap shot by Michael Stone.
9:47 of 1st period - Stopped by Corey Crawford without a rebound.
9:48 of 1st period - Sam Bennett wins face-off versus Denis Malgin in Chicago Blackhawks zone.
10:03 of 1st period - Wrist shot by Josh Anderson.
10:03 of 1st period - Stopped by Corey Crawford with a rebound.
10:13 of 1st period - Patrick Kane is hit by Paul Byron and loses puck.
11:05 of 1st period - Off-side.
11:06 of 1st period - Artem Anisimov wins face-off versus Radek Faksa in neutral zone.
11:32 of 1st period - Mark Giordano is hit by Scott Mayfield and loses puck.
11:55 of 1st period - Snap shot by Sean Monahan.
11:55 of 1st period - Shot Misses the Net.
12:27 of 1st period - Minor Penalty to Richard Panik for Diving.
12:28 of 1st period - Tanner Kero wins face-off versus Sean Monahan in Chicago Blackhawks zone.
14:27 of 1st period - Penalty to Richard Panik is over, Richard Panik is back on ice.
14:32 of 1st period - Snap shot by Josh Anderson.
14:32 of 1st period - Stopped by Corey Crawford without a rebound.
14:33 of 1st period - Denis Malgin wins face-off versus Sam Bennett in Chicago Blackhawks zone.
14:48 of 1st period - Snap shot by Richard Panik.
14:48 of 1st period - Deflect By Alex DeBrincat.
14:48 of 1st period - Stopped by Mike Smith without a rebound.
14:49 of 1st period - Artem Anisimov wins face-off versus Danton Heinen in Calgary Flames zone.
14:52 of 1st period - Snap shot by Anthony Mantha.
14:52 of 1st period - Stopped by Mike Smith without a rebound.
14:53 of 1st period - Micheal Ferland wins face-off versus Artem Anisimov in Calgary Flames zone.
14:57 of 1st period - Off-side.
14:58 of 1st period - Radek Faksa wins face-off versus Patrick Kane in neutral zone.
16:04 of 1st period - Artem Anisimov is hit by Micheal Ferland and loses puck.
16:33 of 1st period - Snap shot by Anthony Mantha.
16:33 of 1st period - Shot Blocked by Adam Pelech.
18:00 of 1st period - Wrist shot by Radek Faksa.
18:00 of 1st period - Shot Misses the Net.
18:02 of 1st period - Snap shot by Radek Faksa.
18:02 of 1st period - Shot Misses the Net.
18:04 of 1st period - Slapshot by Adam Pelech.
18:04 of 1st period - Shot Blocked by Duncan Keith.
18:06 of 1st period - Snap shot by Micheal Ferland.
18:06 of 1st period - Goal by Micheal Ferland - Calgary Flames : 1 - Chicago Blackhawks : 0.
18:07 of 1st period - Sean Monahan wins face-off versus Victor Ejdsell in neutral zone.
18:18 of 1st period - Snap shot by Reilly Smith.
18:18 of 1st period - Stopped by Corey Crawford with a rebound.
18:20 of 1st period - Slapshot by Mark Giordano.
18:20 of 1st period - Shot Misses the Net.
18:34 of 1st period - Erik Haula is hit by Connor Murphy and loses puck.
19:16 of 1st period - Slapshot by Johnny Gaudreau.
19:16 of 1st period - Shot Blocked by Scott Mayfield.
Goals for this period are 1 for Calgary Flames vs 0 for Chicago Blackhawks.
Shots for this period are 11 for Calgary Flames vs 11 for Chicago Blackhawks.

2nd period


0:01 of 2nd period - Sean Monahan wins face-off versus Tanner Kero in neutral zone.
0:01 of 2nd period - Sean Monahan is hit by David Kampf.
0:54 of 2nd period - Off-side.
0:55 of 2nd period - Tanner Kero wins face-off versus Sean Monahan in neutral zone.
1:40 of 2nd period - Off-side.
1:41 of 2nd period - Denis Malgin wins face-off versus Sam Bennett in neutral zone.
1:44 of 2nd period - Alex Chiasson is hit by Scott Mayfield and loses puck.
2:05 of 2nd period - Scott Mayfield is hit by Mark Giordano and loses puck.
2:38 of 2nd period - Anthony Mantha is hit by Paul Byron and loses puck.
3:07 of 2nd period - Snap shot by Alex DeBrincat.
3:07 of 2nd period - Stopped by Mike Smith without a rebound.
3:08 of 2nd period - Nick Schmaltz wins face-off versus Sam Bennett in Calgary Flames zone.
3:44 of 2nd period - Sean Monahan is hit by David Kampf and loses puck.
3:59 of 2nd period - Snap shot by Patrick Kane.
3:59 of 2nd period - Stopped by Mike Smith without a rebound.
4:00 of 2nd period - Artem Anisimov wins face-off versus Michael Frolik in Calgary Flames zone.
4:22 of 2nd period - Icing by Brent Seabrook.
4:23 of 2nd period - Sam Bennett wins face-off versus Victor Ejdsell in Chicago Blackhawks zone.
4:32 of 2nd period - Wrist shot by Alex Chiasson.
4:32 of 2nd period - Stopped by Corey Crawford with a rebound.
4:34 of 2nd period - Slapshot by Adam Pelech.
4:34 of 2nd period - Deflect By Sam Bennett.
4:34 of 2nd period - Stopped by Corey Crawford with a rebound.
4:56 of 2nd period - Wrist shot by Andrew Ladd.
4:56 of 2nd period - Deflect By Tanner Kero.
4:56 of 2nd period - Stopped by Mike Smith without a rebound.
4:57 of 2nd period - Denis Malgin wins face-off versus Sean Monahan in Calgary Flames zone.
5:02 of 2nd period - Snap shot by Alex DeBrincat.
5:02 of 2nd period - Stopped by Mike Smith with a rebound.
5:04 of 2nd period - Snap shot by Denis Malgin.
5:04 of 2nd period - Stopped by Mike Smith with a rebound.
5:06 of 2nd period - Slapshot by Jan Rutta.
5:06 of 2nd period - Stopped by Mike Smith with a rebound.
5:08 of 2nd period - Wrist shot by Richard Panik.
5:08 of 2nd period - Stopped by Mike Smith without a rebound.
5:09 of 2nd period - Denis Malgin wins face-off versus Sean Monahan in Calgary Flames zone.
5:22 of 2nd period - Snap shot by Richard Panik.
5:22 of 2nd period - Stopped by Mike Smith without a rebound.
5:23 of 2nd period - Erik Haula wins face-off versus Tanner Kero in Calgary Flames zone.
5:34 of 2nd period - Wrist shot by Paul Byron.
5:34 of 2nd period - Shot Misses the Net.
5:36 of 2nd period - Snap shot by Michael Frolik.
5:36 of 2nd period - Shot Blocked by Andrew Ladd.
6:11 of 2nd period - Mark Giordano is hit by Alex DeBrincat and loses puck.
6:46 of 2nd period - Radek Faksa is hit by Ryan Hartman and loses puck.
6:57 of 2nd period - Slapshot by Mark Giordano.
6:57 of 2nd period - Shot Misses the Net.
6:59 of 2nd period - Wrist shot by Danton Heinen.
6:59 of 2nd period - Shot Blocked by Nick Schmaltz.
7:01 of 2nd period - Slapshot by Michael Stone.
7:01 of 2nd period - Stopped by Corey Crawford without a rebound.
7:02 of 2nd period - Erik Haula wins face-off versus Tanner Kero in Chicago Blackhawks zone.
7:07 of 2nd period - Snap shot by Paul Byron.
7:07 of 2nd period - Deflect By Erik Haula.
7:07 of 2nd period - Shot Misses the Net.
7:07 of 2nd period - Puck is out of play.
7:08 of 2nd period - Erik Haula wins face-off versus Tanner Kero in Chicago Blackhawks zone.
7:09 of 2nd period - Snap shot by Paul Byron.
7:09 of 2nd period - Shot Misses the Net.
7:38 of 2nd period - Slapshot by Brent Seabrook.
7:38 of 2nd period - Deflect By Reilly Smith.
7:38 of 2nd period - Stopped by Mike Smith with a rebound.
7:58 of 2nd period - Slapshot by Colin Miller.
7:58 of 2nd period - Stopped by Corey Crawford with a rebound.
8:37 of 2nd period - Brent Seabrook is hit by Paul Byron and loses puck.
8:50 of 2nd period - Connor Murphy is hit by Adam Pelech and loses puck.
8:59 of 2nd period - Wrist shot by Sean Monahan.
8:59 of 2nd period - Shot Misses the Net.
9:09 of 2nd period - Denis Malgin is hit by Sam Bennett.
9:28 of 2nd period - Denis Malgin is hit by Colin Miller.
9:32 of 2nd period - Denis Malgin is hit by Micheal Ferland and loses puck.
9:49 of 2nd period - Snap shot by Michael Frolik.
9:49 of 2nd period - Shot Blocked by Duncan Keith.
10:34 of 2nd period - Jan Rutta is hit by Danton Heinen and loses puck.
10:41 of 2nd period - Danton Heinen is hit by Anthony Mantha and loses puck.
10:54 of 2nd period - Adam Pelech is hit by Ryan Hartman and loses puck.
11:07 of 2nd period - Snap shot by Andrew Ladd.
11:07 of 2nd period - Stopped by Mike Smith with a rebound.
12:33 of 2nd period - Anthony Mantha is hit by Adam Pelech and loses puck.
13:15 of 2nd period - Duncan Keith is hit by Alex Chiasson and loses puck.
13:52 of 2nd period - Nick Schmaltz is hit by Michael Frolik.
13:58 of 2nd period - Brent Seabrook is hit by Michael Frolik and loses puck.
14:28 of 2nd period - Seth Jones is hit by Sam Bennett and loses puck.
14:54 of 2nd period - Seth Jones is hit by Johnny Gaudreau and loses puck.
15:26 of 2nd period - Nick Schmaltz is hit by Micheal Ferland and loses puck.
15:33 of 2nd period - Wrist shot by Danton Heinen.
15:33 of 2nd period - Shot Misses the Net.
15:35 of 2nd period - Backhand shot by Micheal Ferland.
15:35 of 2nd period - Goal by Micheal Ferland - Calgary Flames : 2 - Chicago Blackhawks : 0.
15:36 of 2nd period - Sean Monahan wins face-off versus Denis Malgin in neutral zone.
16:10 of 2nd period - Snap shot by Johnny Gaudreau.
16:10 of 2nd period - Shot Misses the Net.
16:12 of 2nd period - Wrist shot by Johnny Gaudreau.
16:12 of 2nd period - Stopped by Corey Crawford with a rebound.
17:10 of 2nd period - Off-side.
17:11 of 2nd period - Denis Malgin wins face-off versus Radek Faksa in neutral zone.
17:35 of 2nd period - Jan Rutta is hit by Josh Anderson and loses puck.
18:02 of 2nd period - David Kampf is hit by Erik Haula and loses puck.
18:40 of 2nd period - Nick Schmaltz is hit by Radek Faksa.
19:20 of 2nd period - Wrist shot by Sean Monahan.
19:20 of 2nd period - Shot Misses the Net.
19:26 of 2nd period - Jake Gardiner is hit by Ryan Hartman and loses puck.
19:57 of 2nd period - Tanner Kero is hit by Adam Pelech and loses puck.
Goals for this period are 1 for Calgary Flames vs 0 for Chicago Blackhawks.
Shots for this period are 6 for Calgary Flames vs 10 for Chicago Blackhawks.

3rd period


0:01 of 3rd period - Sean Monahan wins face-off versus Artem Anisimov in neutral zone.
0:12 of 3rd period - Snap shot by Johnny Gaudreau.
0:12 of 3rd period - Deflect By Sean Monahan.
0:12 of 3rd period - Stopped by Corey Crawford with a rebound.
0:14 of 3rd period - Snap shot by Johnny Gaudreau.
0:14 of 3rd period - Goal by Johnny Gaudreau - Calgary Flames : 3 - Chicago Blackhawks : 0.
0:15 of 3rd period - Erik Haula wins face-off versus Victor Ejdsell in neutral zone.
0:42 of 3rd period - Duncan Keith is hit by Josh Anderson and loses puck.
1:05 of 3rd period - Snap shot by David Kampf.
1:05 of 3rd period - Stopped by Mike Smith without a rebound.
1:06 of 3rd period - Tanner Kero wins face-off versus Erik Haula in Calgary Flames zone.
1:07 of 3rd period - Wrist shot by David Kampf.
1:07 of 3rd period - Shot Misses the Net.
1:17 of 3rd period - Snap shot by Erik Haula.
1:17 of 3rd period - Shot Blocked by David Kampf.
1:19 of 3rd period - Snap shot by Paul Byron.
1:19 of 3rd period - Shot Misses the Net.
1:39 of 3rd period - Wrist shot by Sean Monahan.
1:39 of 3rd period - Shot Misses the Net.
1:41 of 3rd period - Slapshot by Mark Giordano.
1:41 of 3rd period - Stopped by Corey Crawford without a rebound.
1:42 of 3rd period - Victor Ejdsell wins face-off versus Sam Bennett in Chicago Blackhawks zone.
1:47 of 3rd period - Alex Chiasson is hit by Scott Mayfield and loses puck.
2:06 of 3rd period - Scott Mayfield is hit by Michael Frolik and loses puck.
2:11 of 3rd period - Snap shot by Erik Haula.
2:11 of 3rd period - Stopped by Corey Crawford with a rebound.
2:13 of 3rd period - Snap shot by Paul Byron.
2:13 of 3rd period - Stopped by Corey Crawford without a rebound.
2:14 of 3rd period - Sean Monahan wins face-off versus Artem Anisimov in Chicago Blackhawks zone.
3:02 of 3rd period - Slapshot by Reilly Smith.
3:02 of 3rd period - Deflect By Sean Monahan.
3:02 of 3rd period - Shot Blocked by Alex DeBrincat.
3:02 of 3rd period - Puck is out of play.
3:03 of 3rd period - Sam Bennett wins face-off versus Tanner Kero in Chicago Blackhawks zone.
3:08 of 3rd period - Backhand shot by Sam Bennett.
3:08 of 3rd period - Deflect By Josh Anderson.
3:08 of 3rd period - Shot Misses the Net.
3:08 of 3rd period - Puck is out of play.
3:09 of 3rd period - Tanner Kero wins face-off versus Josh Anderson in Chicago Blackhawks zone.
3:40 of 3rd period - Slapshot by Michael Frolik.
3:40 of 3rd period - Stopped by Corey Crawford with a rebound.
3:42 of 3rd period - Wrist shot by Michael Frolik.
3:42 of 3rd period - Shot Misses the Net.
4:00 of 3rd period - Mark Giordano is hit by Anthony Mantha and loses puck.
4:08 of 3rd period - Connor Murphy is hit by Micheal Ferland and loses puck.
4:19 of 3rd period - Snap shot by Sam Bennett.
4:19 of 3rd period - Shot Blocked by Artem Anisimov.
4:25 of 3rd period - Wrist shot by Sam Bennett.
4:25 of 3rd period - Shot Blocked by Connor Murphy.
4:33 of 3rd period - TJ Brodie is hit by Artem Anisimov and loses puck.
5:30 of 3rd period - Snap shot by Patrick Kane.
5:30 of 3rd period - Shot Misses the Net.
5:32 of 3rd period - Snap shot by Brent Seabrook.
5:32 of 3rd period - Chicago Blackhawks goal is going for a video replay.
5:32 of 3rd period - The goal is good.
5:32 of 3rd period - Goal by Brent Seabrook - Calgary Flames : 3 - Chicago Blackhawks : 1.
5:33 of 3rd period - Erik Haula wins face-off versus Victor Ejdsell in neutral zone.
6:00 of 3rd period - Duncan Keith is hit by Michael Stone and loses puck.
6:07 of 3rd period - Slapshot by Johnny Gaudreau.
6:07 of 3rd period - Shot Misses the Net.
6:09 of 3rd period - Snap shot by Sean Monahan.
6:09 of 3rd period - Shot Misses the Net.
6:11 of 3rd period - Slapshot by Adam Pelech.
6:11 of 3rd period - Shot Blocked by Duncan Keith.
6:55 of 3rd period - Alex DeBrincat is hit by Reilly Smith.
6:59 of 3rd period - Colin Miller is hit by Jan Rutta and loses puck.
8:09 of 3rd period - Alex DeBrincat is hit by Alex Chiasson.
8:46 of 3rd period - Richard Panik is hit by Adam Pelech and loses puck.
9:07 of 3rd period - Patrick Kane is hit by Micheal Ferland and loses puck.
10:19 of 3rd period - Anthony Mantha is hit by Danton Heinen and loses puck.
10:36 of 3rd period - Duncan Keith is hit by Josh Anderson.
11:35 of 3rd period - Ryan Hartman is hit by Johnny Gaudreau and loses puck.
12:07 of 3rd period - Anthony Mantha is hit by Sam Bennett and loses puck.
12:31 of 3rd period - Nick Schmaltz is hit by Radek Faksa.
12:46 of 3rd period - Nick Schmaltz is hit by Michael Frolik and loses puck.
12:57 of 3rd period - Mark Giordano is hit by Ryan Hartman and loses puck.
14:05 of 3rd period - Mark Giordano is hit by Connor Murphy and loses puck.
14:24 of 3rd period - Slapshot by Seth Jones.
14:24 of 3rd period - Shot Misses the Net.
14:40 of 3rd period - Micheal Ferland is hit by Denis Malgin and loses puck.
14:57 of 3rd period - Michael Frolik is hit by Anthony Mantha and loses puck.
15:02 of 3rd period - Slapshot by Patrick Kane.
15:02 of 3rd period - Shot Misses the Net.
15:52 of 3rd period - Patrick Kane is hit by Johnny Gaudreau and loses puck.
15:59 of 3rd period - Andrew Ladd is hit by Mark Giordano.
16:11 of 3rd period - Anthony Mantha is hit by Sam Bennett and loses puck.
16:26 of 3rd period - David Kampf is hit by TJ Brodie and loses puck.
Goals for this period are 1 for Calgary Flames vs 1 for Chicago Blackhawks.
Shots for this period are 6 for Calgary Flames vs 2 for Chicago Blackhawks.